 Dungeon Crawl Stone Soup version 0.21-a0-444-g29a2fec (webtiles) character file.

18592 KristoblXynda the Nimble (level 12, 0/163 HPs)
             Began as a Kobold Berserker on Nov 17, 2017.
             Was an Elder of Trog.
             Succumbed to a redback's poison
             ... on level 12 of the Dungeon.
             The game lasted 00:29:42 (13034 turns).

KristoblXynda the Nimble (Kobold Berserker)        Turns: 13034, Time: 00:29:43

Health: 0/163      AC: 26    Str: 18    XL:     12   Next: 97%
Magic:  18/18      EV:  3    Int: 10    God:    Trog [****..]
Gold:   619        SH:  0    Dex: 19    Spells: 11/11 levels left

rFire    . . .     SeeInvis .   z - +4 long sword (holy)
rCold    + . .     Gourm    .   (shield restricted)
rNeg     + + +     Faith    .   (armour currently unavailable)
rPois    +         Spirit   .   (helmet currently unavailable)
rElec    .         Reflect  .   (cloak currently unavailable)
rCorr    .         Harm     .   (gloves currently unavailable)
MR       ++...     NoTele   +   (boots currently unavailable)
Stlth    ..........             (no amulet)
HPRegen  1.37/turn              (no ring)
MPRegen  0.16/turn              p - ring of protection from cold

@: berserking, lethally poisoned (0 -> -9), tree-form, regenerating, very quick
A: agile 1, carnivore 3, deterioration 1, weak 1, wild magic 1, evolution 1
a: Berserk, Trog's Hand, Brothers in Arms, Burn Spellbooks, Renounce Religion


You were on level 12 of the Dungeon.
You worshipped Trog.
Trog was greatly pleased with you.
You were very full.
You were a tree.
You visited 1 branch of the dungeon, and saw 12 of its levels.

You collected 805 gold pieces.
You spent 186 gold pieces at shops.

Inventory:

Hand Weapons
 e - a +4 scimitar of flaming
 k - a +5 scimitar of freezing
 z - a +4 long sword of holy wrath (weapon)
Armour
 m - a +0 pair of gloves (melded)
 r - a +0 cloak (melded)
 y - a +2 robe of magic resistance (melded)
 F - +2 fire dragon scales
Jewellery
 o - an uncursed amulet of magic regeneration
 p - a ring of protection from cold (right branch)
 u - an uncursed ring of wizardry
Scrolls
 h - 2 scrolls of immolation
 i - 8 scrolls of identify
 l - 2 scrolls of teleportation
 s - 3 scrolls of magic mapping
 t - a scroll of fog
 w - a scroll of remove curse
Potions
 b - a potion of haste
 d - 5 potions of curing
 f - a potion of mutation
 g - 2 potions of magic
 j - 2 potions of flight
 A - 2 potions of lignification
 C - a potion of agility
 D - a potion of resistance {unknown}
Books
 v - a book of Geomancy

   Spells                             Type                      Level
   a - Sandblast                      Earth                        1
   b - Passwall                       Transmutation/Earth          2
   c - Stone Arrow                    Conjuration/Earth            3
   d - Petrify                        Transmutation/Earth          4
   e - Lee's Rapid Deconstruction     Earth                        5
   Trog disapproves of the use of such an item.
Comestibles
 c - 6 meat rations
 n - 10 royal jellies
 x - 2 chunks of flesh


   Skills:
 - Level 7.7 Fighting
   Level 7.0(12.2) Short Blades
 * Level 10.5(10.8) Long Blades
 - Level 2.3 Throwing
 + Level 3.0 Armour
 - Level 10.5 Dodging
 + Level 10.4 Stealth
   Level 9.2 Evocations


You had 11 spell levels left.
You didn't know any spells.

Dungeon Overview and Level Annotations

Branches:
Dungeon (12/15)            Temple (0/1) D:4            Lair (0/6) D:11
    Orc: D:9-12

Altars:
Cheibriados
Dithmenos
Elyvilon
Makhleb
Nemelex Xobeh
Okawaru
Qazlal
Sif Muna
Uskayaw
Yredelemnul

Shops:
D:4 *


Innate Abilities, Weirdness & Mutations

You are small and have problems with some larger weapons.
You are carnivorous and can eat meat at any time.
((You have a beak for a mouth.))
You are agile. (Dex +2)
((Your flesh is cold resistant. (rC+)))
Your body sometimes deteriorates upon taking damage.
You are weak. (Str -2)
Your spells are a little harder to cast, but a little more powerful.
You evolve.


Message History

You kill the redback!
Trog accepts your kill.
* * * LOW HITPOINT WARNING * * *
You feel sick.
You cannot move.
You cannot move.
* * * LOW HITPOINT WARNING * * *
You feel sick.
You barely miss the slime creature.
The slime creature is heavily wounded.
* * * LOW HITPOINT WARNING * * *
You feel sick.
The slime creature completely misses you.
You slash the slime creature!
The slime creature is severely wounded.
* * * LOW HITPOINT WARNING * * *
You feel sick.
You slash the slime creature!
The slime creature is almost dead.
You die...

.........##...##).##.##.##.#..#
.........#.###.#.#..##.##.##.##
.........+.# #.'#...#'.#)#)'...
.........#.###.#.#.#.##)##.#.##
.........##.#.##..#..#.##.##..#
........###%#####+#####+#####+
#..# ##.#.##....Z#
#.(###Z/#.s#.###.#
+..#.♣J##)##'.# .+
###[.##..#J.#.# .#
#..###.#.##... .# #+##
##+#####+###


You could see a slime creature and a bullfrog simulacrum.

Vanquished Creatures
  Erica (D:8)
  A centaur warrior (D:12)
  6 two-headed ogres
  An unseen horror (D:10)
  The ghost of Qupu the Charmwright, a novice GnSk of Cheibriados (D:6)
  A deep elf mage (D:12)
  4 ugly things
  A cyclops (D:11)
  Psyche (D:11)
  Joseph (D:8)
  Maurice (D:8)
  2 centaur zombies (D:12)
  A gargoyle (D:8)
  3 trolls
  A hornet (D:12)
  The ghost of Qupu the Insei, an amateur GnTm (D:4)
  3 hippogriffs
  Sigmund (D:3)
  A wyvern (D:12)
  A redback (D:12)
  The ghost of Qupu the Skirmisher, an amateur GnWn of Xom (D:3)
  A steam dragon (D:9)
  3 yaks (D:9)
  4 hungry ghosts
  4 ice beasts
  3 sky beasts
  4 black bears
  4 ogres
  A phantom (D:11)
  A necrophage (D:11)
  5 centaurs
  A crocodile (D:12)
  2 big kobolds
  A wyvern zombie (D:12)
  3 bullfrogs
  A wyvern skeleton (D:10)
  A water moccasin skeleton (D:5)
  3 scorpions (D:12)
  5 killer bees (D:9)
  9 wights
  A howler monkey (D:11)
  An electric eel (D:6)
  10 crimson imps
  A bullfrog zombie (D:10)
  2 hounds
  2 quasits
  4 jellies
  A gnoll shaman (D:8)
  5 orc priests
  Jessica (D:3)
  3 bullfrog skeletons
  3 iguanas
  13 orc wizards
  8 worker ants
  A bullfrog simulacrum (D:12)
  6 adders
  13 gnolls
  5 shadow imps
  An ooze (D:1)
  An adder skeleton (D:9)
  A worm (D:4)
  3 dart slugs
  2 leopard geckos
  34 orcs
  5 giant cockroaches
  3 hobgoblins
  18 jackals
  A quokka (D:3)
  4 ball pythons
  6 bats
  A frilled lizard (D:3)
  4 goblins
  A jackal zombie (D:6)
  13 kobolds
  A quokka zombie (D:8)
  4 rats
273 creatures vanquished.

Vanquished Creatures (others)
  A howler monkey (D:8)
1 creature vanquished.

Grand Total: 274 creatures vanquished

Notes
Turn   | Place    | Note
-------+----------+-------------------------------------------
     0 | D:1      | KristoblXynda the Kobold Berserker began the quest for the Orb.
     0 | D:1      | Reached XP level 1. HP: 14/14 MP: 1/1
    83 | D:1      | Reached XP level 2. HP: 19/19 MP: 2/2
   290 | D:1      | Reached XP level 3. HP: 13/23 MP: 3/3
   836 | D:2      | Found a hide-covered altar of Uskayaw.
  1120 | D:3      | Reached skill level 1 in Stealth
  1126 | D:3      | Found a faded altar of an unknown god.
  1133 | D:3      | Noticed Sigmund
  1151 | D:3      | Killed Sigmund
  1151 | D:3      | Reached ** piety under Trog
  1151 | D:3      | Reached skill level 5 in Short Blades
  1151 | D:3      | Reached XP level 4. HP: 19/28 MP: 4/4
  1151 | D:3      | Reached XP level 5. HP: 22/32 MP: 5/5
  1152 | D:3      | Reached XP level 6. HP: 25/37 MP: 6/6
  1869 | D:3      | Noticed Qupu's ghost (amateur GnWn)
  1886 | D:3      | Killed Qupu's ghost
  1886 | D:3      | Reached skill level 5 in Dodging
  1886 | D:3      | Reached skill level 5 in Stealth
  1886 | D:3      | Reached XP level 7. HP: 34/41 MP: 7/7
  1925 | D:3      | Noticed Jessica
  1938 | D:3      | Killed Jessica
  2181 | D:4      | Found a staircase to the Ecumenical Temple.
  2187 | D:4      | Found a stormy altar of Qazlal.
  2227 | D:4      | Reached skill level 1 in Throwing
  2441 | D:4      | Found Atheih's Assorted Antiques.
  2447 | D:4      | Bought a pair of gloves for 76 gold pieces
  2447 | D:4      | Bought a glowing long sword for 110 gold pieces
  2630 | D:4      | Noticed Qupu's ghost (amateur GnTm)
  2663 | D:4      | Killed Qupu's ghost
  2663 | D:4      | Reached XP level 8. HP: 34/46 MP: 8/8
  3297 | D:5      | Entered Level 5 of the Dungeon
  3417 | D:5      | Reached *** piety under Trog
  3926 | D:5      | Reached skill level 1 in Long Blades
  4213 | D:6      | Noticed Qupu's ghost (novice GnSk)
  4275 | D:6      | HP: 2/72 [Qupu's ghost (17)]
  4723 | D:6      | Reached XP level 9. HP: 52/52 MP: 9/9
  4971 | D:6      | Found a sparkling altar of Nemelex Xobeh.
  5296 | D:6      | Killed Qupu's ghost
  6504 | D:7      | Reached **** piety under Trog
  6835 | D:7      | Found a shadowy altar of Dithmenos.
  6862 | D:8      | Reached XP level 10. HP: 44/58 MP: 10/10
  6900 | D:8      | Reached skill level 5 in Long Blades
  6902 | D:8      | Noticed a two-headed ogre
  6912 | D:8      | Reached skill level 1 in Evocations
  7256 | D:8      | Noticed Joseph
  7271 | D:8      | Killed Joseph
  7375 | D:8      | Reached skill level 10 in Stealth
  7397 | D:8      | Noticed a two-headed ogre
  7425 | D:8      | Noticed a gargoyle
  7431 | D:8      | Killed a gargoyle
  7572 | D:8      | Noticed Erica
  7615 | D:8      | Killed Erica
  7891 | D:8      | Noticed Maurice
  7971 | D:8      | Killed Maurice
  8396 | D:8      | Found a deep blue altar of Sif Muna.
  8408 | D:8      | Identified Sif Muna's Catalogue of Flight
  8444 | D:8      | Reached XP level 11. HP: 28/62 MP: 14/14
  8734 | D:8      | Killed a two-headed ogre
  8734 | D:8      | Reached skill level 10 in Dodging
  8737 | D:8      | Reached skill level 5 in Evocations
  8781 | D:8      | Noticed a two-headed ogre
  8794 | D:8      | Killed a two-headed ogre
  8891 | D:9      | Noticed a two-headed ogre
  8905 | D:9      | Killed a two-headed ogre
  9277 | D:9      | Found a white marble altar of Elyvilon.
  9277 | D:9      | Found an iron altar of Okawaru.
  9282 | D:9      | Found a burning altar of Makhleb.
  9284 | D:9      | Found a basalt altar of Yredelemnul.
  9285 | D:9      | Found a snail-covered altar of Cheibriados.
  9703 | D:9      | Found a shadowy altar of Dithmenos.
  9715 | D:9      | Reached ***** piety under Trog
  9802 | D:10     | Entered Level 10 of the Dungeon
 10113 | D:10     | Reached skill level 5 in Fighting
 10219 | D:10     | Killed an unseen horror
 10964 | D:11     | Noticed Psyche
 10964 | D:11     | Noticed a white ugly thing
 10964 | D:11     | Noticed a two-headed ogre
 11028 | D:11     | Noticed a cyclops
 11037 | D:11     | Killed a cyclops
 11288 | D:11     | Noticed a purple ugly thing
 11304 | D:11     | Killed a purple ugly thing
 11304 | D:11     | Reached XP level 12. HP: 55/69 MP: 17/17
 11602 | D:11     | Found a staircase to the Lair.
 11675 | D:11     | Received a gift from Trog
 11681 | D:11     | Killed a two-headed ogre
 11685 | D:11     | Killed Psyche
 11695 | D:11     | Gained mutation: You are agile. (Dex +2) [mutagenic meat]
 11696 | D:11     | Gained mutation: You are frail. (-10% HP) [mutagenic meat]
 11697 | D:11     | Gained mutation: You are weak. (Str -2) [mutagenic meat]
 11698 | D:11     | Lost mutation: You are frail. (-10% HP) [mutagenic meat]
 11699 | D:11     | Gained mutation: Your spells are a little harder to cast, but a little more powerful. [mutagenic meat]
 12041 | D:11     | Killed a two-headed ogre
 12465 | D:12     | Reached skill level 10 in Long Blades
 12488 | D:12     | Noticed a two-headed ogre
 12496 | D:12     | Killed a two-headed ogre
 12628 | D:12     | Gained mutation: Your flesh is cold resistant. (rC+) [mutagenic meat]
 12629 | D:12     | Gained mutation: You evolve. [mutagenic meat]
 12630 | D:12     | Gained mutation: Your body sometimes deteriorates upon taking damage. [mutagenic meat]
 12867 | D:12     | Noticed a centaur warrior
 12881 | D:12     | Killed a centaur warrior
 12974 | D:12     | Gained mutation: You have a beak for a mouth. [evolution]
 13029 | D:12     | HP: 6/163 [redback (8)]
 13033 | D:12     | HP: 2/163 [poisoned by a redback]
 13034 | D:12     | Succumbed to a redback's poison

Vault maps used:
D:1:      minmay_arrival_jagged, moated_statue, palyth_stone_intersect,
          nrook_mini_backslash, grunt_decor_arrowhead
D:2:      eat_drink_and_be_merry_uskayaw
D:3:      chequers_ecumenical_altar_simple_redux, uniq_jessica, uniq_sigmund
D:4:      grunt_qazlal_clouds, minmay_temple_entry_grid, serial_shops, shop
D:5:      first_bread
D:6:      nemelex_xobeh_ov_fountains_minmay, kennysheep_generic_room_16
D:7:      kennysheep_little_box
D:8:      led_sif_book, uniq_erica, uniq_joseph, uniq_maurice
D:9:      chequers_temple_overflow_minitemple, nicolae_dithmenos_the_darkroom
D:11:     lair_entry_dummy, uniq_psyche
D:12:     minmay_the_grid_square_5x5_4x4, orc_david_3, uniq_erolcha

Skill      XL: |  1  2  3  4  5  6  7  8  9 10 11 12 |
---------------+-------------------------------------+-----
Armour         | 2 3 |  3.0
Dodging        | 3 4 5 6 7 8 9 10 | 10.5
Stealth        | 3 5 6 7 9 10 | 10.4
Short Blades   | 5 6 7 |  7.0
Throwing       | 2 |  2.3
Fighting       | 4 5 7 |  7.7
Long Blades    | 1 4 6 8 10 | 10.5
Evocations     | 4 7 9 |  9.2

Action                   |  1- 3 |  4- 6 |  7- 9 | 10-12 || total
-------------------------+-------+-------+-------+-------++-------
Melee: Short sword       |    87 |    89 |   251 |       ||   427
       Long sword        |       |       |   110 |   497 ||   607
       Scimitar          |       |       |    16 |    10 ||    26
       Falchion          |       |       |    12 |     4 ||    16
       Peck              |       |       |       |     6 ||     6
Throw: Throwing net      |       |       |       |     1 ||     1
Invok: Berserk           |     1 |     3 |    10 |    20 ||    34
       Trog's Hand       |       |       |       |     2 ||     2
       Burn Spellbooks   |       |       |       |     2 ||     2
Evoke: Wand              |       |       |       |     6 ||     6
  Use: Scroll            |       |       |    21 |     7 ||    28
       Potion            |       |       |       |     4 ||     4
 Stab: Sleeping          |       |     5 |     9 |    27 ||    41
       Distracted        |       |     1 |       |     1 ||     2
       Held in net/web   |       |       |       |     1 ||     1
  Eat: Chunk             |     9 |     5 |    26 |    48 ||    88
Armor: Animal skin       |    10 |       |       |       ||    10
       Ring mail         |     9 |     5 |       |       ||    14
       Robe              |       |       |    52 |    73 ||   125
       Skin              |       |       |       |     5 ||     5
Dodge: Dodged            |    71 |    50 |   291 |   532 ||   944
       Rpst.: Long sword |       |       |    33 |   129 ||   162
       Falchion          |       |       |     3 |     2 ||     5
       Scimitar          |       |       |     3 |     1 ||     4

Table legend:
 A = Spawn XP
 B = Non-spawn XP
 C = Spawn XP percentage of total XP
 D = Spawn monster count
 E = Non-spawn monster count
 F = Spawn count percentage of total count
 G = Total turns spent on level
                    A         B        C        D         E        F      G
               +---------+---------+-------+---------+---------+-------+---------
         Total |       0 |   26561 |   0.0 |       0 |     274 |   0.0 | 13034
               +---------+---------+-------+---------+---------+-------+---------
           D:1 |       0 |      33 |   0.0 |       0 |      17 |   0.0 |   564
           D:2 |       0 |      11 |   0.0 |       0 |       5 |   0.0 |   519
           D:3 |       0 |     627 |   0.0 |       0 |      26 |   0.0 |  1026
           D:4 |       0 |     606 |   0.0 |       0 |      15 |   0.0 |  1188
           D:5 |       0 |     614 |   0.0 |       0 |      12 |   0.0 |   867
           D:6 |       0 |    1269 |   0.0 |       0 |      27 |   0.0 |  1665
           D:7 |       0 |     712 |   0.0 |       0 |      29 |   0.0 |  1054
           D:8 |       0 |    5912 |   0.0 |       0 |      43 |   0.0 |  1973
           D:9 |       0 |    2483 |   0.0 |       0 |      25 |   0.0 |   946
          D:10 |       0 |    2075 |   0.0 |       0 |      22 |   0.0 |  1224
          D:11 |       0 |    5556 |   0.0 |       0 |      25 |   0.0 |  1169
          D:12 |       0 |    6663 |   0.0 |       0 |      28 |   0.0 |   839
               +---------+---------+-------+---------+---------+-------+---------
